 Dungeon Crawl Stone Soup version 0.17.2-1-ge4368a0 (webtiles) character file.

303 magog001 the Shield-Bearer (level 6, 0/42 HPs)
             Began as a Halfling Fighter on Oct 1, 2016.
             Slain by a centaur (5 damage)
             ... on level 4 of the Dungeon.
             The game lasted 00:18:31 (3082 turns).

magog001 the Shield-Bearer (Halfling Fighter)       Turns: 3082, Time: 00:18:32

Health: 0/42       AC: 10    Str: 27    XL:     6   Next: 66%
Magic:  6/6        EV: 11    Int:  7    God:
Gold:   132        SH: 11    Dex: 14    Spells: 0 memorised, 5 levels left

rFire  . . .     SeeInvis .     a - +0 war axe
rCold  . . .     Clarity  .     b - +0 scale mail
rNeg   . . .     SustAt   .     c - +0 shield
rPois  .         Gourm    .     F - +0 helmet
rElec  .         Spirit   .     (no cloak)
rCorr  .         Warding  .     l - +0 pair of gloves
rMut   .         Stasis   .     i - +0 pair of boots
MR     .....                    (no amulet)
Stlth  ..........               u - +4 ring of strength
                                (no ring)

@: mighty, not resistant to hostile enchantments, extremely unstealthy
A: mutation resistance 1
a: no special abilities


You were on level 4 of the Dungeon.
You were not hungry.

You visited 1 branch of the dungeon, and saw 4 of its levels.

You collected 132 gold pieces.

Inventory:

Hand Weapons
 a - a +0 war axe (weapon)
 t - a +0 hunting sling
 K - a +3 short sword of holy wrath
Missiles
 f - 83 stones
 m - 32 poisoned needles
 q - 12 bolts
 s - 91 arrows
 y - 11 sling bullets
 A - 8 steel tomahawks (quivered)
Armour
 b - a +0 scale mail (worn)
 c - a +0 shield (worn)
 i - a +0 pair of boots (worn)
 l - a +0 pair of gloves (worn)
 o - a +0 buckler
 v - a +0 pair of gloves
 F - a +0 helmet (worn)
 J - a cursed +0 chain mail
Jewellery
 u - a +4 ring of strength (right hand)
Scrolls
 h - 3 scrolls of noise
 E - a scroll of random uselessness {unknown}
 I - a scroll of identify
Potions
 d - a potion of might
 j - a potion of haste {unknown}
 k - 2 potions of brilliance
 n - 2 potions of lignification
 z - a potion of heal wounds {unknown}
 D - a potion of mutation {unknown}
Books
 B - a book of Debilitation

   Spells                             Type                      Level
   a - Corona                         Hexes                        1
   b - Slow                           Hexes                        2
   c - Gell's Gravitas                Hexes/Translocation          3
   d - Inner Flame                    Hexes/Fire                   3
   e - Cause Fear                     Hexes                        4
   f - Leda's Liquefaction            Hexes/Earth                  4
Comestibles
 e - a bread ration
 p - 2 beef jerkies
 r - a slice of pizza
 C - a meat ration
 H - 2 chunks of flesh


   Skills:
 + Level 3.2 Fighting
 + Level 2.7 Axes
 + Level 0.8(0.9) Slings
 + Level 0.2(0.4) Throwing
 + Level 4.4 Armour
 + Level 2.5 Dodging
 + Level 0.2 Stealth
 + Level 5.1 Shields


You had 5 spell levels left.
You didn't know any spells.

Dungeon Overview and Level Annotations

Branches:
Dungeon (4/15)
 Temple: D:4-7

Altars:
Elyvilon
Fedhas
Sif Muna
Xom
Zin
The Shining One


Innate Abilities, Weirdness & Mutations

You are small and have problems with some larger weapons.
You are somewhat resistant to further mutation.


Message History

The centaur unwields an uncursed shortbow.
You block the centaur's attack.
You see here an arrow.
You slash the centaur!
The centaur is severely wounded.
You slash the bush!
The bush is lightly damaged.
You slash the bush!
The bush is lightly damaged.
The centaur hits you but does no damage. x2
Your shield prevents you from hitting the centaur.
The centaur is severely wounded.
You slash the bush!
The bush is lightly damaged.
You hit the bush but do no damage.
The bush is lightly damaged.
The centaur hits you.
* * * LOW HITPOINT WARNING * * *
The centaur hits you.
You die...

######## ######
######......##
#....###...##...PP..
#.##.#.........PPPP #
##.............PP_PP.#
....#......(...P(P.P.####
###.########...PcPPP.....
##.........#.#.(@........
......####.#.##..(.......
..###........########.###
..########.#.. #
.......)...#.#
..#######..#.
#.##.......# #....#....##
...........#


You could see a centaur.

Vanquished Creatures
  A hound (D:4)
  2 orc wizards (D:3)
  An iguana (D:4)
  7 adders
  4 gnolls
  5 worms
  4 giant geckos
  An orc (D:3)
  4 bats
  4 giant cockroaches
  7 goblins
  6 hobgoblins
  3 jackals (D:1)
  7 kobolds
  2 quokkas
  2 giant newts (D:2)
  9 rats
69 creatures vanquished.

Notes
Turn   | Place    | Note
--------------------------------------------------------------
     0 | D:1      | magog001 the Halfling Fighter began the quest for the Orb.
     0 | D:1      | Reached XP level 1. HP: 15/15 MP: 1/1
   154 | D:1      | Reached XP level 2. HP: 20/20 MP: 2/2
   362 | D:1      | Reached XP level 3. HP: 22/26 MP: 3/3
   977 | D:2      | Reached XP level 4. HP: 19/31 MP: 4/4
   978 | D:2      | Reached skill level 4 in Shields
  1033 | D:2      | Found a shimmering altar of Xom.
  1163 | D:2      | Reached XP level 5. HP: 36/36 MP: 5/5
  1358 | D:2      | Reached skill level 1 in Dodging
  1434 | D:2      | Found a glowing golden altar of the Shining One.
  1999 | D:3      | Found a deep blue altar of Sif Muna.
  2047 | D:3      | Reached XP level 6. HP: 33/42 MP: 6/6
  2199 | D:3      | Found a white marble altar of Elyvilon.
  2620 | D:3      | Found a glowing silver altar of Zin.
  2677 | D:3      | Reached skill level 5 in Shields
  3063 | D:4      | Found a blossoming altar of Fedhas.
  3082 | D:4      | Slain by a centaur

Action                   |  1- 3 |  4- 6 || total
-------------------------+-------+-------++-------
Melee: War axe           |    75 |   176 ||   251
       Short sword       |       |    13 ||    13
 Fire: Hunting sling     |       |    13 ||    13
Throw: Stone             |       |     2 ||     2
       Tomahawk          |       |     5 ||     5
  Use: Scroll            |     3 |     4 ||     7
       Potion            |       |     1 ||     1
  Eat: Chunk             |       |     5 ||     5
       Bread ration      |       |     1 ||     1
